 Dungeon Crawl Stone Soup version 0.31-a0-836-g3ceb0a68c4 (webtiles) character file.

Game seed: 17166831428950418717

1722701 rjrrt the Axe Maniac (level 26, 266/266 HPs)
             Began as a Minotaur Berserker on Sept 26, 2023.
             Was the Champion of Trog.
             Escaped with the Orb
             ... and 3 runes!
             The game lasted 03:17:13 (65293 turns).

rjrrt the Axe Maniac (Minotaur Berserker)          Turns: 65293, Time: 03:17:14

Health: 266/266    AC: 41    Str: 25 (27) XL:     26   Next: 49%
Magic:  22/22      EV: 30    Int:  8      God:    Trog [******]
Gold:   6767       SH: 20    Dex: 22 (24) Spells: 25/25 levels left

rFire   + . .        a - +0 broad axe "Ekiff" {speed, +Blink rN++ Stlth-}
rCold   . . .        B - +2 kite shield {AC+3}
rNeg    + + .        X - +6 scale mail of Plog {Will+ Int+3 Dex+7}
rPois   +            S - +2 hood of the Assassin {Detect Stab+ Stlth++}
rElec   +            E - +2 cloak "Cieso" {rElec Str-5 Int+3 Dex+5}
rCorr   +            r - +2 pair of gloves
SInv    .            g - +2 pair of boots
Will    ++...        P - amulet of Biaph {Acrobat rF+ Regen+ rCorr}
Stlth   +            O - +4 ring of slaying
HPRegen 1.44/turn    R - ring of Feuss {rElec rPois AC+4 Int-2}
MPRegen 0.18/turn

%: random rage (3%), acrobat
@: hasted, studying 3 skills, very quick
A: horns 2, retaliatory headbutt, berserk 1, shaggy fur 1, subdued magic 1
0: Orb of Zot
}: 3/15 runes: serpentine, barnacled, silver
a: Renounce Religion, Evoke Blink, Berserk, Trog's Hand, Brothers in Arms


You escaped.
You worshipped Trog.
Trog was exalted by your worship.
You visited 10 branches of the dungeon, and saw 50 of its levels.
You visited 2 bazaars.
You also visited: Trove, Ossuary, Gauntlet, Ice Cave and Volcano.

You collected 10831 gold pieces.
You spent 4064 gold pieces at shops.

Inventory:

Hand Weapons
 a - the +0 broad axe "Ekiff" (weapon) {speed, +Blink rN++ Stlth-}
   (You bought it in a shop on level 2 of the Orcish Mines)

   rN++:      It greatly protects you from negative energy.
   +Blink:    It lets you blink.
   Stlth-:    It makes you less stealthy.
 b - a +2 demon trident of electrocution
 j - the +7 broad axe of Eternal War {heavy, rElec rF- rC+++ Int-4}
   (Trog gifted it to you on level 2 of the Depths)

   Int-4:     It affects your intelligence (-4).
   rF-:       It makes you vulnerable to fire.
   rC+++:     It renders you almost immune to cold.
   rElec:     It insulates you from electricity.
 m - a +5 antimagic war axe
 Y - a +3 spectral broad axe
Missiles
 q - 50 boomerangs (quivered)
 A - 7 throwing nets
Armour
 g - a +2 pair of boots (worn)
 r - a +2 pair of gloves (worn)
 B - a +2 kite shield of protection (worn)
 E - the +2 cloak "Cieso" (worn) {rElec Str-5 Int+3 Dex+5}
   (You found it on level 12 of the Dungeon)

   Str-5:     It affects your strength (-5).
   Int+3:     It affects your intelligence (+3).
   Dex+5:     It affects your dexterity (+5).
   rElec:     It insulates you from electricity.
 S - the +2 hood of the Assassin (worn) {Detect Stab+ Stlth++}
   (You found it on level 1 of the Vaults)

   Detect:    It allows the wearer to sense nearby creatures.
   Stab+:     It allows the wearer to make particularly effective stabbing
   attacks against helpless or unaware enemies with any weapon.
   Stlth++:   It makes you much more stealthy.
 X - the +6 scale mail of Plog (worn) {Will+ Int+3 Dex+7}
   (You bought it in a shop in a bazaar)

   Int+3:     It affects your intelligence (+3).
   Dex+7:     It affects your dexterity (+7).
   Will+:     It increases your willpower.
Jewellery
 h - the ring "Natwets" {*Corrode rPois rN+++ Int+2 SInv}
   (You took it off a deep elf annihilator on level 3 of the Elven Halls)

   [ring of see invisible]

   Int+2:     It affects your intelligence (+2).
   rPois:     It protects you from poison rN+++: It renders you almost immune to
   negative energy.
   SInv:      It lets you see invisible.
   *Corrode:  It may corrode you when you take damage.
 x - a ring of flight
 I - a ring of protection from cold
 O - a +4 ring of slaying (left hand)
 P - the amulet of Biaph (around neck) {Acrobat rF+ Regen+ rCorr}
   (You bought it in a shop on level 2 of the Orcish Mines)

   [amulet of the acrobat]

   Acrobat:   It increases your evasion while moving and waiting.
   rF+:       It protects you from fire.
   Regen+:    It increases your rate of health regeneration.
   rCorr:     It protects you from acid and corrosion.
 R - the ring of Feuss (right hand) {rElec rPois AC+4 Int-2}
   (You bought it in a shop on level 2 of the Orcish Mines)

   [ring of protection]

   AC+4:      It affects your AC (+4).
   Int-2:     It affects your intelligence (-2).
   rElec:     It insulates you from electricity.
   rPois:     It protects you from poison
Wands
 f - a wand of acid (52)
 i - a wand of mindburst (38)
 v - a wand of roots (67)
 G - a wand of paralysis (60)
 U - a wand of digging (23)
Scrolls
 d - 11 scrolls of fog
 k - 2 scrolls of revelation
 n - 17 scrolls of teleportation
 o - 2 scrolls of blinking
 s - 9 scrolls of enchant weapon
 y - 13 scrolls of fear
 z - 6 scrolls of summoning
 F - 3 scrolls of silence
Potions
 c - 8 potions of resistance
 e - a potion of lignification
 l - a potion of mutation
 p - 20 potions of curing
 t - 5 potions of cancellation
 u - 2 potions of might
 D - 9 potions of heal wounds
 J - 6 potions of enlightenment
 L - 5 potions of berserk rage
 M - 2 potions of haste
 T - 4 potions of invisibility
 W - a potion of ambrosia
Miscellaneous
 w - a phantom mirror


   Skills:
 O Level 27 Fighting
 O Level 27 Axes
 - Level 4.0 Throwing
 + Level 26.8 Armour
 + Level 26.4 Dodging
 * Level 21.9 Shields
 - Level 13.0 Evocations


You had 25 spell levels left.
You didn't know any spells.
Your spell library was empty.

Dungeon Overview and Level Annotations

Branches:
Dungeon (15/15)            Temple (0/1) D:4            Lair (5/5) D:8
 Shoals (4/4) Lair:3        Snake (4/4) Lair:2        Slime (0/5) Lair:5
    Orc (2/2) D:11            Elf (3/3) Orc:2        Vaults (5/5) D:14
  Crypt (3/3) Vaults:2     Depths (4/4) D:15            Zot (5/5) Depths:4
Ossuary (visited)           IceCv (visited)         Volcano (visited)
Gauntlet (visited)
   Tomb: Crypt:3

Altars:
Dithmenos
Gozag
Kikubaaqudgha
Makhleb
Nemelex Xobeh
Okawaru
Qazlal
Uskayaw
Vehumet
Zin
Jiyva

Shops:
D:9 (   Orc:1 **   Orc:2 ([(=   Elf:1 (   Shoals:1 *   Vaults:5 (   Depths:2 *

Portals:
Hell: Depths:1 Depths:2 Depths:3 Depths:4
Abyss: Depths:3
Pandemonium: Depths:2
Ziggurat: Depths:2

Annotations:
Lair:4 2 runed translucent doors, elongatedgoose's ghost, journeyman MiFi
Lair:5 exclusion: obsidian statue
Shoals:2 2 transporters, Sirjeffry24's ghost, adept TeAE
Elf:2 3 runed translucent doors, Norris
Crypt:3 Khufu


Innate Abilities, Weirdness & Mutations

You have a pair of horns on your head.
You reflexively headbutt those who attack you in melee.
You sometimes lose your temper in combat.
You are covered in fur. (AC +1)
Your spells are a little easier to cast, but a little less powerful.


Message History

The hell beast tramples you but does no damage.
You block the hell beast's attack. x3; The hell beast completely misses you.
Your troll barely misses the hell beast.
Your troll claws the hell beast.
Your troll closely misses the hell beast.
The hell beast misses you. The hell beast closely misses you.
Your troll bites the hell beast.
Your troll claws the hell beast.
Your troll barely misses the hell beast.
The hell beast completely misses you. You block the hell beast's attack.
Your troll bites the hell beast.
Your troll claws the hell beast!
Your troll closely misses the hell beast.
The hell beast completely misses you. x2
Unknown command.
Your troll barely misses the hell beast.
Your troll closely misses the hell beast.
Your troll claws the hell beast!!
The hell beast completely misses you. You furiously retaliate!
You headbutt the hell beast. You block the hell beast's attack.
Your troll bites the hell beast!
Your troll claws the hell beast!
The hell beast dies!
Trog accepts your kill.
You feel your intelligence returning.
You feel yourself speed up.
You feel yourself speed up.
Your troll rages.
Your troll rages.
Aiming: Dig
Press: ? - help, Shift-Dir - straight line You can't see that place. [a rock wall.]
The rock shatters into small pieces.
Your troll rages.
Aiming: Dig
Press: ? - help, Shift-Dir - straight line You can't see that place. [a rock wall.]
The rock shatters into small pieces.
You recover from your berserk rage.
There is a staircase leading out of the dungeon here.
You have escaped!

#####.#.#.##...### #...#..:..#...
#...#.#.##.### ##.#.#.###.###.
#.###.#.##...# #.##...# #...#.
#.# #.#†####.####.##.#.###.#.##
###.# #.#.##.....#.###.#.....#...
..#.###.#.##.###..########.######
#>...##.#....#...#...#.....# #...
..#...#...####.#T#.#.#.#.#####.#.
#.#.#.###.##....@..#...#...#...#.
#.#.....#.##.#######.#####.#.####
#.#.##....##.#.......# #...##..
#.#.......##.####################
#.#.####......).....>............
#.#.......#######.#..############
#.######.####........# # #.#
#........###.##.######### # #.#
#.##...### #.##.........# #


You could see a friendly troll (summoned, berserk).

Vanquished Creatures
  A dread lich (Zot:5)
  An ancient lich (Zot:5)
  5 orbs of fire
  Mennas (Depths:3)
  Boris (Crypt:1)
  Vv (Zot:1)
  A shard shrike (Zot:5)
  9 Killer Klowns
  Xtahua (Vaults:5)
  Saint Roka (Orc:2)
  3 curse toes
  3 caustic shrikes (Depths:4)
  Nikola (Shoals:4)
  7 golden dragons
  A Tzitzimitl (Depths:1)
  14 tentacled monstrosities
  Jorgrun (Shoals:1)
  Zenata (Crypt:1)
  4 electric golems
  26 Orb Guardians
  2 liches
  A deep elf blademaster (Elf:3)
  6 titans
  Asterion (Elf:1)
  A titan (shapeshifter) (Vaults:5)
  A walking divine tome (Depths:4)
  9 quicksilver dragons
  2 deep elf master archers (Elf:3)
  10 death cobs
  5 krakens
  5 sphinxes
  Frances (Shoals:2)
  An ancient champion (Crypt:2)
  9 draconian monks
  10 tengu reavers
  10 storm dragons
  Roxanne (Elf:1)
  11 shadow dragons
  6 nagarajas
  5 draconian knights
  3 daevas (Depths:3)
  6 fire giants
  An iron dragon (Vaults:2)
  Ilsuiw (Shoals:4)
  4 deep elf sorcerers
  12 frost giants
  2 draconian shifters
  3 ghost moths
  2 balrugs
  2 draconian scorchers
  2 deep elf elementalists (Elf:3)
  Louise (Shoals:2)
  4 ghouls (Crypt:2)
  17 vault wardens
  3 angels (Depths:3)
  2 curse skulls
  The ghost of Fesunton the Grappler, a journeyman TrGl of Ru (Orc:1)
  7 draconian annihilators
  4 draconian stormcallers
  28 ironbound preservers
  3 war gargoyles
  12 stone giants
  3 orc warlords
  2 formless jellyfish
  31 very ugly things
  A reaper (IceCv)
  2 ironbound thunderhulks
  9 green draconians
  9 deep elf demonologists (Elf:3)
  5 black draconians
  An eleionoma (shapeshifter) (Depths:4)
  5 vampire knights
  Azrael (Orc:2)
  11 red draconians
  10 yellow draconians
  11 white draconians
  The ghost of hattop the Grappler, a journeyman TrSh of Wu Jian (D:14)
  A minotaur (Gauntlet)
  7 deep elf annihilators
  19 purple draconians
  3 spark wasps (Depths:2)
  6 dire elephants
  7 deep elf death magi
  An eidolon (Crypt:2)
  3 crystal guardians (Vaults:3)
  9 ettins
  An entropy weaver (Vaults:3)
  A fire dragon (shapeshifter) (Vaults:1)
  8 deep elf high priests
  12 jiangshi
  11 merfolk impalers
  Josephine (D:13)
  An acid blob zombie (Crypt:2)
  4 fire dragons
  11 merfolk javelineers (Shoals:4)
  6 great orbs of eyes
  5 salamander tyrants (Snake:4)
  Fannar (Lair:2)
  8 yaktaur captains
  4 peacekeepers
  7 rakshasas
  Erolcha (D:13)
  A spriggan zombie (Crypt:2)
  37 vault guards
  2 ogre magi
  4 hydras
  A spriggan air mage (Depths:1)
  A merfolk avatar (Shoals:1)
  11 ironbound frosthearts
  2 catoblepae
  13 centaur warriors
  10 ice dragons
  5 merfolk aquamancers (Shoals:4)
  2 death knights
  An anaconda (shapeshifter) (Depths:4)
  2 alligator snapping turtles (Shoals:3)
  A fenstrider witch skeleton (Crypt:1)
  7 two-headed ogres
  5 boulder beetles
  14 death yaks
  7 anacondas
  A satyr (Shoals:3)
  6 tengu warriors
  21 dancing weapons
  A sphinx skeleton (Vaults:2)
  2 death scarabs (Gauntlet)
  14 naga warriors
  5 vampire magi
  10 deep troll shamans
  Urug (Orc:2)
  8 shock serpents
  11 deep troll earth magi
  A hell knight (Volcano)
  5 sun demons
  2 orc high priests (Orc:2)
  A spectral dire elephant (Lair:5)
  2 spriggan berserkers (Depths:4)
  9 deep elf knights
  Nergalle (D:10)
  7 naga sharpshooters
  A sixfirhy (D:2)
  9 iron trolls
  3 soul eaters
  17 skeletal warriors
  7 skysharks
  5 shadow wraiths (Depths:1)
  6 cherubim (Depths:3)
  106 deep trolls
  A spectral anaconda (Lair:5)
  A large abomination (Zot:5)
  2 storm dragon skeletons
  6 salamander mystics
  10 sea snakes
  3 shadow demons (Depths:1)
  6 naga ritualists
  3 flayed ghosts
  A tengu zombie (Depths:3)
  2 glowing orange brains
  28 deep elf zephyrmancers
  Lodul (D:10)
  A harpy (shapeshifter) (Elf:2)
  22 harpies
  7 phantasmal warriors
  11 necromancers
  An anaconda skeleton (Crypt:1)
  7 wizards
  15 lindwurms
  9 deep elf archers
  12 orc knights
  19 ironbound convokers
  22 deep elf pyromancers
  A mana viper (shapeshifter) (Depths:1)
  2 tengu skeletons
  5 mana vipers
  2 stone giant zombies
  8 orc sorcerers
  A shining eye (shapeshifter) (Elf:2)
  A frost giant zombie (Crypt:1)
  7 fauns
  An alligator skeleton (Crypt:2)
  30 ugly things
  10 cyclopes
  17 manticores
  22 moths of wrath
  16 salamanders
  2 frost giant skeletons
  An iron dragon skeleton (Depths:3)
  A stone giant skeleton (Vaults:4)
  12 merfolk sirens
  14 elephants
  14 vault sentinels
  4 water nymphs
  48 black mambas
  9 guardian serpents
  15 cane toads
  A centaur skeleton (Crypt:2)
  13 naga magi
  2 ice statues (IceCv)
  An apocalypse crab (Gauntlet)
  An orange demon (Depths:1)
  3 torpor snails
  5 gargoyles
  An unseen horror (D:10)
  Jeremiah (Lair:1)
  4 ice devils (IceCv)
  2 rime drakes
  2 yaktaur zombies
  A dire elephant skeleton (Lair:5)
  An efreet (D:14)
  2 minotaur skeletons
  24 yaktaurs
  8 tengu conjurers
  6 komodo dragons
  8 freezing wraiths
  An anaconda simulacrum (IceCv)
  A yaktaur skeleton (Vaults:4)
  A bunyip simulacrum (Crypt:2)
  A mana viper skeleton (Crypt:1)
  A troll (shapeshifter) (D:13)
  3 meliai (D:15)
  32 merfolk
  A tarantella (shapeshifter) (Vaults:5)
  Grinder (D:5)
  A polar bear (Lair:4)
  6 trolls
  A moth of wrath zombie (Crypt:1)
  A hellwing (D:15)
  A blink frog (shapeshifter) (Vaults:5)
  7 wind drakes
  3 hornets (Gauntlet)
  2 harpy skeletons
  A spectral elephant (Lair:5)
  6 blink frogs
  7 dream sheep
  7 snapping turtles
  An ice dragon skeleton (Crypt:2)
  A shadow (D:12)
  2 ettin skeletons
  3 flying skulls (Crypt:2)
  3 wyverns
  A centaur simulacrum (D:15)
  3 vampires (D:14)
  13 wraiths
  A ynoxinul (Zot:4)
  59 slime creatures
  5 air elementals
  Eustachio (D:5)
  5 dire elephant simulacra (IceCv)
  3 fire bats (Lair:4)
  10 water elementals
  44 yaks
  A neqoxec (D:15)
  8 vampire mosquitoes
  Grum (D:8)
  7 fire elementals
  2 steam dragons
  2 chaos spawn
  4 wargs
  3 basilisks
  2 harpy simulacra
  A deep troll zombie (Crypt:1)
  An ogre zombie (Vaults:3)
  3 spectral cane toads
  36 nagas
  2 death yak simulacra (Lair:5)
  A two-headed ogre zombie (Crypt:1)
  A swamp worm (shapeshifter) (Depths:1)
  A glowing shapeshifter zombie (Vaults:3)
  3 acid dragons
  3 hydra simulacra (IceCv)
  A floating eye (Depths:2)
  11 water moccasins
  A spectral torpor snail (Gauntlet)
  A glowing shapeshifter skeleton (Vaults:2)
  2 hell hounds (Orc:2)
  An ettin simulacrum (Crypt:2)
  35 orc warriors
  A swamp dragon zombie (Crypt:2)
  3 black bears
  A hornet zombie (Crypt:2)
  2 ice beasts
  A sky beast (D:7)
  2 elephant zombies (Lair:5)
  A manticore zombie (Crypt:1)
  A manticore skeleton (Crypt:2)
  19 ogres
  23 centaurs
  An elephant skeleton (Lair:5)
  7 human skeletons
  A tengu (shapeshifter) (D:13)
  13 wolves
  A fire crab zombie (Crypt:3)
  2 elf zombies
  6 kobold brigands
  A bullfrog (shapeshifter) (Vaults:5)
  9 bullfrogs
  2 necrophages (Crypt:2)
  6 earth elementals
  12 wights
  A water moccasin skeleton (Crypt:3)
  2 elephant simulacra (IceCv)
  6 killer bees (D:8)
  7 howler monkeys
  2 shapeshifter skeletons (Crypt:2)
  6 electric eels (D:5)
  A black bear zombie (Crypt:3)
  A hound (D:5)
  A centaur zombie (Ossuary)
  25 orc priests
  5 jellies
  A basilisk skeleton (Crypt:2)
  A sleepcap (D:5)
  3 iguanas
  27 orc wizards
  A polar bear simulacrum (IceCv)
  A troll simulacrum (IceCv)
  An acid dragon skeleton (Crypt:1)
  2 mummies (Ossuary)
  3 gnolls (D:7)
  5 adders
  A swamp drake skeleton (Crypt:2)
  3 white imps
  3 adder zombies (Ossuary)
  A worm (D:2)
  A dart slug (D:1)
  101 orcs
  7 endoplasms
  4 giant cockroaches
  6 hobgoblins
  A jackal (D:5)
  29 kobolds
  4 quokkas
  3 training dummies (D:9)
  3 ball pythons
  A ball python zombie (Crypt:3)
  5 bats
  3 frilled lizards
  A frilled lizard skeleton (Crypt:1)
  5 goblins
  2 goblin zombies (Ossuary)
  7 hobgoblin zombies (Ossuary)
  A jackal zombie (Ossuary)
  11 kobold zombies (Ossuary)
  9 orc zombies (Ossuary)
  A quokka skeleton (Crypt:3)
  4 rats
  2 rat zombies (Ossuary)
  6 spectral weapons
  16 tentacles
2279 creatures vanquished.

Vanquished Creatures (collateral kills)
  An orb of fire (Zot:5)
  Gastronok (Lair:1)
  A dire elephant (Lair:5)
  A hell beast (D:1)
  A hell knight (Volcano)
  A spectral death yak (Lair:5)
  An obsidian statue (Orc:1)
  A salamander (Snake:4)
  An elephant (Lair:5)
  An orc sorcerer (Orc:1)
  2 black mambas (Snake:4)
  A hellion (D:4)
  A basilisk (Lair:1)
  A death yak simulacrum (Lair:5)
15 creatures vanquished.

Vanquished Creatures (others)
  A merfolk impaler (Shoals:4)
  3 deep elf zephyrmancers
  A snapping turtle (Shoals:4)
  A yak (Lair:5)
  A naga (Lair:2)
  A human (D:5)
  An ogre (Vaults:5)
  An orc (Orc:2)
  25 tentacles
35 creatures vanquished.

Grand Total: 2329 creatures vanquished

Notes
Turn   | Place    | Note
-------+----------+-------------------------------------------
     0 | D:1      | rjrrt the Minotaur Berserker began the quest for the Orb.
     0 | D:1      | Reached XP level 1. HP: 19/19 MP: 0/0
   220 | D:1      | Reached XP level 2. HP: 26/26 MP: 1/1
   786 | D:1      | Reached skill level 5 in Axes
   859 | D:1      | Reached ** piety under Trog
   860 | D:1      | Reached XP level 3. HP: 31/31 MP: 2/2
  1228 | D:2      | Identified the +2 ring mail "Vucireh" {Str+3 Int+3}
  1925 | D:3      | Found a faded altar of an unknown god.
  2524 | D:4      | Identified the +1 short sword of the Exiled Knives
                  | {antimagic, rElec rPois Str+2}
  2548 | D:4      | Identified the +6 scale mail "Nyogeuq" {rN+ Str+2 Stlth+}
  2647 | D:4      | Found a burning altar of Makhleb.
  2651 | D:4      | Found a staircase to the Ecumenical Temple.
  2803 | D:4      | Reached XP level 4. HP: 39/39 MP: 3/3
  3032 | D:5      | Entered Level 5 of the Dungeon
  3052 | D:5      | Found a hide-covered altar of Uskayaw.
  3227 | D:5      | Found a sparkling altar of Nemelex Xobeh.
  3397 | D:5      | Noticed a centaur
  3405 | D:5      | Killed a centaur
  3406 | D:5      | Reached XP level 5. HP: 35/45 MP: 4/4
  3482 | D:5      | Noticed Grinder
  3488 | D:5      | Paralysed by Grinder for 4 turns
  3493 | D:5      | Killed Grinder
  3494 | D:5      | Reached XP level 6. HP: 51/51 MP: 5/5
  3777 | D:5      | Noticed a troll
  3790 | D:5      | Killed a troll
  3791 | D:5      | Reached XP level 7. HP: 59/59 MP: 6/6
  4123 | D:5      | Found an ancient bone altar of Kikubaaqudgha.
  4124 | D:5      | Noticed a human
  4127 | D:5      | Killed a human
  4153 | D:5      | Identified the +1 robe "Isymabri" {rC+ Str+3}
  4218 | D:5      | Noticed Eustachio
  4254 | D:5      | Killed Eustachio
  4406 | D:6      | Reached skill level 10 in Axes
  4561 | D:6      | Found a sand-covered staircase.
  4570 | Ossuary  | Entered an ossuary
  4650 | Ossuary  | Reached *** piety under Trog
  4693 | Ossuary  | Reached XP level 8. HP: 67/67 MP: 7/7
  4819 | Ossuary  | Reached skill level 5 in Fighting
  5478 | D:5      | Identified the +0 pair of gloves "Ecyrewk" {Rampage Will-
                  | Dex+3}
  5533 | D:5      | Reached skill level 5 in Armour
  5647 | D:5      | Reached skill level 1 in Throwing
  5862 | D:7      | Reached skill level 1 in Evocations
  5894 | D:7      | Reached **** piety under Trog
  6057 | D:7      | Reached XP level 9. HP: 67/75 MP: 8/8
  6279 | D:7      | Reached skill level 5 in Dodging
  6614 | D:8      | Noticed Grum
  6624 | D:8      | Killed Grum
  6832 | D:8      | Noticed an elephant
  6848 | D:8      | Killed an elephant
  6906 | D:8      | Reached XP level 10. HP: 58/86 MP: 9/9
  6910 | D:8      | Reached ***** piety under Trog
  7127 | D:8      | Found a staircase to the Lair.
  7459 | D:9      | Reached skill level 1 in Shields
  7465 | D:9      | Found a stormy altar of Qazlal.
  7469 | D:9      | Found a radiant altar of Vehumet.
  7583 | D:9      | Noticed a two-headed ogre
  7593 | D:9      | Killed a two-headed ogre
  8039 | D:9      | Found an iron altar of Okawaru.
  8253 | D:9      | Found Zonab's Firing Range.
  8772 | D:10     | Entered Level 10 of the Dungeon
  8901 | D:10     | Reached XP level 11. HP: 88/94 MP: 10/10
  8943 | D:10     | Reached skill level 5 in Shields
  8948 | D:10     | Noticed a two-headed ogre
  8955 | D:10     | Killed a two-headed ogre
  9246 | D:10     | Received a gift from Trog
  9331 | D:10     | Noticed Nergalle
  9352 | D:10     | Killed Nergalle
  9519 | D:10     | You fall into a shaft and drop 2 floors!
  9588 | D:12     | Identified the +2 cloak "Cieso" {rElec Str-5 Int+3 Dex+5}
  9645 | D:12     | HP: 5/142 [manticore (7)]
 10498 | D:11     | Found a frozen archway.
 10541 | IceCv    | Entered an ice cave
 10764 | IceCv    | Received a gift from Trog
 10765 | IceCv    | Reached XP level 12. HP: 55/105 MP: 11/11
 11218 | IceCv    | Reached skill level 15 in Axes
 11575 | IceCv    | Noticed a reaper
 11590 | IceCv    | Killed a reaper
 11724 | D:10     | Noticed Lodul
 11737 | D:10     | Killed Lodul
 11748 | D:10     | Reached skill level 10 in Fighting
 12174 | D:11     | Found a staircase to the Orcish Mines.
 12338 | D:11     | Identified the +1 robe "Hopuf" {Rampage rN+}
 12467 | Lair:1   | Entered Level 1 of the Lair of Beasts
 12479 | Lair:1   | Noticed Gastronok
 12484 | Lair:1   | Noticed Jeremiah
 12503 | Lair:1   | Killed Gastronok
 12512 | Lair:1   | Killed Jeremiah
 12763 | Lair:1   | Reached skill level 10 in Armour
 13329 | Lair:2   | Reached XP level 13. HP: 110/115 MP: 12/12
 13609 | Lair:2   | Reached skill level 10 in Shields
 13643 | Lair:2   | Found a staircase to the Snake Pit.
 13862 | Lair:2   | Noticed Fannar
 13894 | Lair:2   | Killed Fannar
 14493 | Lair:3   | Received a gift from Trog
 14818 | Lair:3   | Found a staircase to the Shoals.
 15088 | Lair:3   | Reached skill level 10 in Dodging
 15527 | Lair:4   | Found a large runed translucent door.
 15527 | Lair:4   | Found a large runed translucent door.
 15901 | Lair:4   | Found a dark tunnel.
 15910 | Volcano  | Entered a volcano
 15914 | Volcano  | Found a large runed translucent door.
 15914 | Volcano  | Found a large runed translucent door.
 16187 | Volcano  | Found a large runed translucent door.
 16188 | Volcano  | Found a large runed translucent door.
 16191 | Volcano  | Noticed a red draconian
 16220 | Volcano  | Killed a red draconian
 16302 | Volcano  | Found a large runed translucent door.
 16302 | Volcano  | Found a large runed translucent door.
 16319 | Volcano  | Found a large runed translucent door.
 16319 | Volcano  | Found a large runed translucent door.
 16319 | Volcano  | Found a large runed translucent door.
 16319 | Volcano  | Found a large runed translucent door.
 16350 | Volcano  | Noticed a red draconian
 16357 | Volcano  | Killed a red draconian
 16663 | Volcano  | Noticed a red draconian
 16665 | Volcano  | Found a large runed translucent door.
 16665 | Volcano  | Found a large runed translucent door.
 16674 | Volcano  | Killed a red draconian
 16730 | Volcano  | Found a large runed translucent door.
 16730 | Volcano  | Found a large runed translucent door.
 16736 | Volcano  | Noticed a red draconian
 16766 | Volcano  | Killed a red draconian
 16767 | Volcano  | Found a large runed translucent door.
 16906 | Volcano  | Found a large runed translucent door.
 16934 | Volcano  | Found a large runed translucent door.
 16934 | Volcano  | Found a large runed translucent door.
 16947 | Volcano  | Reached XP level 14. HP: 121/126 MP: 13/13
 17566 | Lair:4   | Noticed elongatedgoose's ghost (journeyman MiFi)
 17612 | Lair:5   | Entered Level 5 of the Lair of Beasts
 17612 | Lair:5   | Found a runed translucent door.
 17612 | Lair:5   | Found a viscous altar of Jiyva.
 18469 | Lair:5   | Found a staircase to the Slime Pits.
 20102 | Lair:5   | Reached XP level 15. HP: 132/136 MP: 14/14
 20603 | Orc:1    | Entered Level 1 of the Orcish Mines
 20770 | Orc:1    | Found a runed translucent gate.
 20771 | Orc:1    | Found a runed translucent gate.
 20772 | Orc:1    | Found a runed translucent gate.
 20773 | Orc:1    | Found an opulent altar of Gozag.
 20774 | Orc:1    | Noticed Fesunton's ghost (journeyman TrGl)
 20829 | Orc:1    | Paralysed by an orc sorcerer for 4 turns
 21147 | Orc:1    | Found Tilior's Assorted Antiques.
 21149 | Orc:1    | Found Ryut's Assorted Antiques.
 21176 | Orc:1    | Killed Fesunton's ghost
 21225 | Orc:1    | Bought a scroll labelled RUHULI AFEURU for 29 gold pieces
 21566 | Orc:2    | Entered Level 2 of the Orcish Mines
 21566 | Orc:2    | Noticed Azrael
 21579 | Orc:2    | Killed Azrael
 21581 | Orc:2    | Received a gift from Trog
 21624 | Orc:2    | Noticed Urug
 21633 | Orc:2    | Killed Urug
 21682 | Orc:2    | Found Mimeudd's Jewellery Boutique.
 21689 | Orc:2    | Bought the amulet of Biaph {Acrobat rF+ Regen+ rCorr} for
                  | 694 gold pieces
 21689 | Orc:2    | Bought the ring of Feuss {rElec rPois AC+4 Int-2} for 700
                  | gold pieces
 21882 | Orc:2    | Found Coutip's Weapon Boutique.
 21915 | Orc:2    | Bought the +0 broad axe "Ekiff" {speed, +Blink rN++ Stlth-}
                  | for 491 gold pieces
 22045 | Orc:2    | Found a staircase to the Elven Halls.
 22513 | Orc:2    | Noticed Saint Roka
 22728 | Orc:2    | Killed Saint Roka
 22864 | Orc:2    | Reached ****** piety under Trog
 22959 | Orc:2    | Received a gift from Trog
 23045 | Orc:2    | Found Tutosk's Antique Weapon Emporium.
 23049 | Orc:2    | Found Apeigrot's Antique Armour Shoppe.
 23583 | D:13     | Identified a scroll of acquirement
 23605 | D:13     | Acquired a manual of Fighting
 23678 | D:13     | HP: 4/207 [titanic slime creature (76)]
 23801 | D:13     | Noticed Erolcha
 23811 | D:13     | Killed Erolcha
 23906 | D:13     | Noticed Josephine
 23928 | D:13     | Killed Josephine
 24293 | D:14     | Acquired 750 gold pieces
 24295 | D:14     | Acquired a manual of Axes
 24412 | D:14     | Found a large runed translucent door.
 24412 | D:14     | Found a large runed translucent door.
 24465 | D:14     | Reached skill level 15 in Fighting
 24650 | D:14     | Found a burning altar of Makhleb.
 24699 | D:14     | Reached XP level 16. HP: 112/149 MP: 15/15
 24788 | D:14     | Noticed hattop's ghost (journeyman TrSh)
 24835 | D:14     | Received a gift from Trog
 25022 | D:14     | Found a gate to the Vaults.
 25067 | D:14     | Killed hattop's ghost
 25128 | D:15     | Entered Level 15 of the Dungeon
 25158 | D:15     | Reached skill level 5 in Evocations
 25202 | D:15     | Found a staircase to the Depths.
 25268 | D:15     | Found a gate leading to a gauntlet.
 25275 | Gauntlet | Entered a Gauntlet
 25275 | Gauntlet | Found a transporter.
 25275 | Gauntlet | Found a transporter.
 25280 | Gauntlet | Found a transporter.
 25288 | Gauntlet | Found a transporter.
 25339 | Gauntlet | Found a transporter.
 25364 | Gauntlet | Found a transporter.
 25374 | Gauntlet | Found a transporter.
 25404 | Gauntlet | Found a transporter.
 25486 | Gauntlet | Found a transporter.
 25497 | Gauntlet | Found a transporter.
 25513 | Gauntlet | Found a transporter.
 25527 | Gauntlet | Found a transporter.
 25544 | Gauntlet | Found a transporter.
 25694 | Gauntlet | Identified the +2 hat of the Hall of Blades {Rampage Str+3
                  | Dex+4}
 25714 | Gauntlet | Found a transporter.
 25782 | Gauntlet | Identified the +2 cloak of Eric Huo {Int+5}
 25804 | Gauntlet | Identified the +10 whip "Soezuosy" {vamp, rF+}
 26533 | D:15     | Reached skill level 15 in Armour
 27167 | Snake:1  | Entered Level 1 of the Snake Pit
 27205 | Snake:1  | Received a gift from Trog
 27330 | Snake:1  | Identified the +2 whip "Valurgho" {pain, Drain rPois rF+}
 28543 | Snake:2  | Reached skill level 15 in Shields
 29008 | Snake:3  | Received a gift from Trog
 29009 | Snake:3  | Reached XP level 17. HP: 132/161 MP: 16/16
 29537 | Snake:4  | Entered Level 4 of the Snake Pit
 29927 | Snake:4  | Received a gift from Trog
 30283 | Snake:4  | Reached skill level 15 in Dodging
 30342 | Snake:4  | Received a gift from Trog
 30680 | Snake:4  | Got a serpentine rune of Zot
 31208 | Depths:1 | Entered Level 1 of the Depths
 31360 | Vaults:1 | Entered Level 1 of the Vaults
 31467 | Vaults:1 | Noticed a sphinx
 31560 | Vaults:1 | Reached XP level 18. HP: 164/176 MP: 17/17
 31840 | Vaults:1 | Received a gift from Trog
 31854 | Vaults:1 | Found a flickering gateway to a bazaar.
 31873 | Bazaar   | Entered a bazaar
 31873 | Bazaar   | Found Moyjuhum's Antique Armour Boutique.
 31873 | Bazaar   | Found Apnauf's Distillery.
 31873 | Bazaar   | Found Lud Ujidd's Armour Shoppe.
 31875 | Bazaar   | Found Wylyem's Distillery.
 31941 | Bazaar   | Bought a potion of heal wounds for 55 gold pieces
 31959 | Bazaar   | Bought a transparent plate armour for 700 gold pieces
 31959 | Bazaar   | Identified the +0 plate armour of Lox Neh {rF+ Slay-5
                  | Stlth+} (You bought it in a shop in a bazaar)
 31971 | Bazaar   | Bought the +6 scale mail of Plog {Will+ Int+3 Dex+7} for
                  | 743 gold pieces
 32037 | Bazaar   | Bought an embroidered cloak for 187 gold pieces
 32681 | Vaults:1 | Found the +2 hood of the Assassin {Detect Stab+ Stlth++}
 33474 | Vaults:2 | Found a staircase to the Crypt.
 34167 | Vaults:2 | Received a gift from Trog
 34303 | Vaults:2 | Reached XP level 19. HP: 165/189 MP: 18/18
 34884 | Crypt:1  | Entered Level 1 of the Crypt
 35022 | Crypt:1  | Noticed Boris
 35072 | Crypt:1  | Killed Boris
 35206 | Crypt:1  | Identified the +7 morningstar of Mana {flame, rN+}
 35616 | Crypt:1  | Noticed Zenata
 35637 | Crypt:1  | Killed Zenata
 35637 | Crypt:1  | Received a gift from Trog
 36360 | Crypt:2  | Acquired a manual of Dodging
 36465 | Crypt:2  | Received a gift from Trog
 36827 | Crypt:3  | Entered Level 3 of the Crypt
 37002 | Crypt:3  | Noticed a royal mummy
 37011 | Crypt:3  | Noticed a royal mummy
 37061 | Crypt:3  | Noticed Khufu
 37104 | Crypt:3  | Found an ancient bone altar of Kikubaaqudgha.
 37719 | Vaults:3 | Received a gift from Trog
 37923 | Vaults:3 | Identified the +2 plate armour of the Beggar {rC- Str+3
                  | Dex+4}
 38059 | Vaults:3 | Reached XP level 20. HP: 200/200 MP: 19/19
 38566 | Vaults:3 | Reached skill level 10 in Evocations
 39539 | Vaults:4 | Received a gift from Trog
 39961 | Vaults:4 | Identified the +2 war axe "Yfecucs" {flame, rCorr} (Trog
                  | gifted it to you on level 4 of the Vaults)
 39961 | Vaults:4 | Received a gift from Trog
 40252 | Vaults:4 | Found a portal to a secret trove of treasure.
 40646 | Vaults:5 | Entered Level 5 of the Vaults
 41188 | Shoals:1 | Entered Level 1 of the Shoals
 41490 | Shoals:1 | Found Wnuxtudi's Whimsical Warehouse.
 41614 | Shoals:1 | Noticed Jorgrun
 41634 | Shoals:1 | Killed Jorgrun
 42062 | Shoals:2 | Noticed Louise
 42094 | Shoals:2 | Killed Louise
 42153 | Shoals:2 | Found a transporter.
 42158 | Shoals:2 | Found a transporter.
 42160 | Shoals:2 | Noticed Sirjeffry24's ghost (adept TeAE)
 42218 | Shoals:2 | Identified the +1 ring mail "Giegegg" {Contam Will+++ Int+8
                  | Stlth-}
 42366 | Shoals:2 | Identified the +6 lajatang of the Median {flame, *Rage
                  | Str+7} (Trog gifted it to you on level 2 of the Shoals)
 42366 | Shoals:2 | Received a gift from Trog
 42387 | Shoals:2 | Reached XP level 21. HP: 211/211 MP: 20/20
 42460 | Shoals:2 | Noticed Frances
 42474 | Shoals:2 | Killed Frances
 43949 | Shoals:4 | Entered Level 4 of the Shoals
 43955 | Shoals:4 | Received a gift from Trog
 44608 | Shoals:4 | Noticed Ilsuiw
 44638 | Shoals:4 | Killed Ilsuiw
 44802 | Shoals:4 | Identified the +8 arbalest of Nemelex Xobeh's Favour
                  | {flame, rCorr}
 44858 | Shoals:4 | Noticed Nikola
 44921 | Shoals:4 | Killed Nikola
 45000 | Shoals:4 | Identified the +9 hand axe "Kecvupoh" {heavy, +Blink rC++}
                  | (Trog gifted it to you on level 4 of the Shoals)
 45000 | Shoals:4 | Received a gift from Trog
 45172 | Shoals:4 | Got a barnacled rune of Zot
 46240 | Depths:1 | Found a gateway to Hell.
 46438 | Depths:1 | Received a gift from Trog
 46476 | Depths:1 | Found a shadowy altar of Dithmenos.
 46503 | Depths:1 | Found the +5 robe of Night {Dark Will+ SInv}
 46516 | Depths:1 | Reached XP level 22. HP: 142/223 MP: 21/21
 46631 | Depths:1 | Identified the +0 hat of Satisfaction {SInv, rPois rF-
                  | rC+++ Str+2}
 46635 | Depths:1 | Identified the +9 glaive "Quhe Hoh" {vamp, rF- rC+ rN+
                  | Str+3}
 46926 | Depths:2 | Found Big Baal Hell's Store.
 46951 | Depths:2 | Identified the +4 broad axe "Ogrebane" {protect, *Rage
                  | Dex+4}
 47143 | Depths:2 | Found a one-way gate leading to the halls of Pandemonium.
 47263 | Depths:2 | Identified the +7 broad axe of Eternal War {heavy, rElec
                  | rF- rC+++ Int-4} (Trog gifted it to you on level 2 of the
                  | Depths)
 47263 | Depths:2 | Received a gift from Trog
 47306 | Depths:2 | Paralysed by a floating eye for 3 turns
 47326 | Depths:2 | Found a one-way gateway to a ziggurat.
 47779 | Depths:3 | Found an ancient bone altar of Kikubaaqudgha.
 48224 | Depths:3 | Found a one-way gate to the infinite horrors of the Abyss.
 48903 | Depths:3 | Received a gift from Trog
 49008 | Depths:3 | Found a glowing silver altar of Zin.
 49008 | Depths:3 | Noticed Mennas
 49056 | Depths:3 | Killed Mennas
 49115 | Depths:3 | Identified the +2 glaive "Xomyutz" {freeze, rElec rF+ Will-
                  | Dex+2}
 49119 | Depths:3 | Identified the +4 short sword of Severance {heavy, rPois
                  | rF- rN+ Str+4}
 49489 | Depths:4 | Entered Level 4 of the Depths
 49771 | Depths:4 | Noticed a caustic shrike
 49771 | Depths:4 | Noticed a caustic shrike
 49771 | Depths:4 | Noticed a caustic shrike
 49782 | Depths:4 | Killed a caustic shrike
 49805 | Depths:4 | Killed a caustic shrike
 49895 | Depths:4 | Killed a caustic shrike
 50008 | Depths:4 | Found an iron altar of Okawaru.
 50182 | Depths:4 | Reached XP level 23. HP: 221/234 MP: 22/22
 50892 | Depths:4 | Found a gate to the Realm of Zot.
 51425 | Vaults:4 | Received a gift from Trog
 51540 | Vaults:5 | Received a gift from Trog
 51672 | Vaults:5 | Found Gaxkaruu's Antique Weapon Boutique.
 51989 | Vaults:5 | Found the +7 sceptre of Torment {pain, torment}
 52059 | Vaults:5 | a rockslime changed into a juggernaut
 52059 | Vaults:5 | Noticed a juggernaut (glowing shapeshifter)
 52065 | Vaults:5 | a juggernaut changed into a titan
 52091 | Vaults:5 | Identified the +3 ring mail of the Pits of Slime {SInv}
 52110 | Vaults:5 | Identified the ring of Ynonevuzu {rPois EV+5 Str+3}
 52176 | Vaults:5 | Identified the +0 chain mail "Jaafuic" {rPois rC+ rCorr
                  | Int-3}
 52198 | Vaults:5 | Identified the +2 cloak of Utros {Str+6 Dex+3}
 52199 | Vaults:5 | Identified the +1 robe of the Dungeon {rN+ Archmagi}
 52367 | Vaults:5 | Received a gift from Trog
 52447 | Vaults:5 | Noticed Xtahua
 52458 | Vaults:5 | Killed Xtahua
 52618 | Vaults:5 | Identified the ring "Joefaegi" {Fire rPois rCorr Slay-2
                  | Stlth+}
 52627 | Vaults:5 | Reached XP level 24. HP: 245/245 MP: 22/22
 52662 | Vaults:5 | Got a silver rune of Zot
 52668 | Vaults:5 | Identified the ring "Tosafes" {rF- rC+ rN+++ Dex+3 Stlth+}
 53045 | Vaults:5 | Acquired 1232 gold pieces
 53674 | Elf:1    | Entered Level 1 of the Elven Halls
 53854 | Elf:1    | Received a gift from Trog
 53879 | Elf:1    | Found Mapeq's Weapon Emporium.
 53891 | Elf:1    | Paralysed by an air elemental for 1 turns
 54119 | Elf:1    | Noticed Asterion
 54135 | Elf:1    | Killed Asterion
 54274 | Elf:1    | Noticed Roxanne
 54289 | Elf:1    | Killed Roxanne
 54639 | Elf:2    | Identified the +2 robe "Rudwe" {Drain rElec rPois SInv}
 54852 | Elf:2    | Gained mutation: You do not regenerate when monsters are
                  | visible. [a shining eye]
 54884 | Elf:2    | Lost mutation: You do not regenerate when monsters are
                  | visible. [potion of mutation]
 54884 | Elf:2    | Gained mutation: You have an increased reservoir of magic.
                  | (+10% MP) [potion of mutation]
 54884 | Elf:2    | Gained mutation: You have large cloven feet. [potion of
                  | mutation]
 55043 | Elf:2    | Found a runed translucent gate.
 55044 | Elf:2    | Found a runed translucent gate.
 55044 | Elf:2    | Found a runed translucent gate.
 55254 | Elf:2    | Noticed Norris
 55297 | Elf:3    | Entered Level 3 of the Elven Halls
 55336 | Elf:3    | Received a gift from Trog
 55380 | Elf:3    | Found a flickering gateway to a bazaar.
 55398 | Bazaar   | Entered a bazaar
 55398 | Bazaar   | Found Nuony's Antique Weapon Shop.
 55410 | Bazaar   | Found Fydwuhiu's Distillery.
 55418 | Bazaar   | Bought a potion of heal wounds for 45 gold pieces
 55418 | Bazaar   | Bought a potion of resistance for 90 gold pieces
 55418 | Bazaar   | Bought 2 potions of berserk rage for 90 gold pieces
 55436 | Bazaar   | Found Zenn's Antique Armour Shop.
 56024 | Elf:3    | Received a gift from Trog
 56135 | Elf:3    | Identified the +1 robe "Izxeopli" {Int+3}
 56135 | Elf:3    | Identified the amulet "Jiozyrcho" {rN+ Regen+ Stlth+}
 56153 | Elf:3    | Reached skill level 27 in Axes
 56184 | Elf:3    | Identified the ring "Ygut" {rC+ Str+2 Int+5 Dex+6 Slay-5}
 56207 | Elf:3    | Identified the ring "Natwets" {*Corrode rPois rN+++ Int+2
                  | SInv}
 56638 | Elf:3    | Found the +2 hat of the Bear Spirit {Spirit, Bear, *Rage
                  | Will++}
 56755 | Elf:3    | Identified the +0 scale mail "Sothiar" {rC+ Str-5 Stlth+}
 57190 | Zot:1    | Entered Level 1 of the Realm of Zot
 57490 | Zot:1    | Reached skill level 27 in Fighting
 57513 | Zot:1    | Noticed Vv
 57543 | Zot:1    | Killed Vv
 58300 | Zot:2    | Received a gift from Trog
 58468 | Zot:2    | Noticed an orb of fire
 58471 | Zot:2    | Lost mutation: You have an increased reservoir of magic.
                  | (+10% MP) [an orb of fire]
 58491 | Zot:2    | Gained mutation: You occasionally shout uncontrollably at
                  | your foes. [an orb of fire]
 58497 | Zot:2    | Killed an orb of fire
 58498 | Zot:2    | Reached XP level 25. HP: 242/257 MP: 7/22
 59344 | Vaults:4 | You paid a toll of +3 gold dragon scales to enter a
                  | treasure trove
 59345 | Trove    | Entered a treasure trove
 59347 | Trove    | Found the amulet of Vitality {RegenMP++ Regen++}
 59368 | Trove    | Identified the amulet "Ekkobipn" {Reflect Will+ rCorr SH+5}
 59377 | Trove    | Identified the ring of the Immovable Mystics {Ice rElec
                  | rN+}
 60049 | Zot:2    | Noticed an orb of fire
 60053 | Zot:2    | Gained mutation: Armour fits poorly on your strangely
                  | shaped body. [an orb of fire]
 60285 | Zot:2    | Gained mutation: You occasionally lose the ability to read
                  | scrolls when taking damage. [an orb of fire]
 60290 | Zot:2    | Gained mutation: You are weak. (Str -2) [an orb of fire]
 60292 | Zot:2    | Killed an orb of fire
 60292 | Zot:2    | Received a gift from Trog
 60299 | Zot:2    | Lost mutation: You have large cloven feet. [potion of
                  | mutation]
 60299 | Zot:2    | Lost mutation: You are weak. (Str -2) [potion of mutation]
 60299 | Zot:2    | Gained mutation: You sometimes lose your temper in combat.
                  | [potion of mutation]
 60299 | Zot:2    | Gained mutation: Your body sometimes deteriorates upon
                  | taking damage. [potion of mutation]
 60299 | Zot:2    | Gained mutation: Your body often deteriorates upon taking
                  | damage. [potion of mutation]
 60299 | Zot:2    | Gained mutation: You are partially covered in iridescent
                  | scales. (AC +2) [potion of mutation]
 60300 | Zot:2    | Lost mutation: Armour fits poorly on your strangely shaped
                  | body. [potion of mutation]
 60300 | Zot:2    | Lost mutation: You occasionally lose the ability to read
                  | scrolls when taking damage. [potion of mutation]
 60300 | Zot:2    | Gained mutation: You frequently scream uncontrollably at
                  | your foes. [potion of mutation]
 60300 | Zot:2    | Gained mutation: You have a pair of large horns on your
                  | head. [potion of mutation]
 60301 | Zot:2    | Lost mutation: You frequently scream uncontrollably at your
                  | foes. [potion of mutation]
 60301 | Zot:2    | Lost mutation: You sometimes lose your temper in combat.
                  | [potion of mutation]
 60301 | Zot:2    | Lost mutation: You occasionally shout uncontrollably at
                  | your foes. [potion of mutation]
 60301 | Zot:2    | Gained mutation: You occasionally lose the ability to read
                  | scrolls when taking damage. [potion of mutation]
 60301 | Zot:2    | Gained mutation: You are dopey. (Int -2) [potion of
                  | mutation]
 60302 | Zot:2    | Lost mutation: You are dopey. (Int -2) [potion of mutation]
 60302 | Zot:2    | Lost mutation: Your body often deteriorates upon taking
                  | damage. [potion of mutation]
 60302 | Zot:2    | Lost mutation: Your body sometimes deteriorates upon taking
                  | damage. [potion of mutation]
 60302 | Zot:2    | Gained mutation: You are weak. (Str -2) [potion of
                  | mutation]
 60303 | Zot:2    | Lost mutation: You are partially covered in iridescent
                  | scales. (AC +2) [potion of mutation]
 60303 | Zot:2    | Lost mutation: You are weak. (Str -2) [potion of mutation]
 60303 | Zot:2    | Lost mutation: You have a pair of large horns on your head.
                  | [potion of mutation]
 60303 | Zot:2    | Gained mutation: You are frail. (-10% HP) [potion of
                  | mutation]
 60303 | Zot:2    | Gained mutation: You expend magic power (3 MP) to
                  | strengthen your wands. [potion of mutation]
 60303 | Zot:2    | Gained mutation: Your mind is acute. (Int +4, Str/Dex -1)
                  | [potion of mutation]
 60304 | Zot:2    | Lost mutation: You are frail. (-10% HP) [potion of
                  | mutation]
 60304 | Zot:2    | Lost mutation: You occasionally lose the ability to read
                  | scrolls when taking damage. [potion of mutation]
 60304 | Zot:2    | Gained mutation: You occasionally lose the ability to read
                  | scrolls when taking damage. [potion of mutation]
 60304 | Zot:2    | Gained mutation: You sometimes lose your temper in combat.
                  | [potion of mutation]
 60304 | Zot:2    | Lost mutation: Your mind is acute. (Int +4, Str/Dex -1)
                  | [potion of mutation]
 60697 | Orc:1    | Bought a potion of mutation for 240 gold pieces
 60697 | Orc:1    | Lost mutation: You expend magic power (3 MP) to strengthen
                  | your wands. [potion of mutation]
 60697 | Orc:1    | Lost mutation: You occasionally lose the ability to read
                  | scrolls when taking damage. [potion of mutation]
 60697 | Orc:1    | Lost mutation: You sometimes lose your temper in combat.
                  | [potion of mutation]
 60697 | Orc:1    | Gained mutation: You are covered in fur. (AC +1) [potion of
                  | mutation]
 60697 | Orc:1    | Gained mutation: You have an increased reservoir of magic.
                  | (+10% MP) [potion of mutation]
 60697 | Orc:1    | Gained mutation: Your spells are a little harder to cast,
                  | but a little more powerful. [potion of mutation]
 62355 | Zot:4    | Noticed a Killer Klown
 62388 | Zot:4    | Killed a Killer Klown
 62451 | Zot:4    | Noticed a Killer Klown
 62473 | Zot:4    | Killed a Killer Klown
 62709 | Zot:4    | Identified the +5 glaive of the Blind Eye {flame, rF+}
 63087 | Zot:4    | Noticed an orb of fire
 63091 | Zot:4    | Lost mutation: Your spells are a little harder to cast, but
                  | a little more powerful. [an orb of fire]
 63093 | Zot:4    | Lost mutation: You have an increased reservoir of magic.
                  | (+10% MP) [an orb of fire]
 63100 | Zot:4    | Killed an orb of fire
 63293 | Zot:5    | Entered Level 5 of the Realm of Zot
 63424 | Zot:5    | Received a gift from Trog
 63617 | Zot:5    | Noticed an orb of fire
 63618 | Zot:5    | Noticed an orb of fire
 63626 | Zot:5    | Noticed an orb of fire
 63632 | Zot:4    | Gained mutation: You sometimes lose your temper in combat.
                  | [an orb of fire]
 63635 | Zot:4    | Killed an orb of fire
 63685 | Zot:5    | Killed an orb of fire
 63687 | Zot:5    | Noticed a dread lich
 63689 | Zot:5    | Gained mutation: Your spells are a little easier to cast,
                  | but a little less powerful. [an orb of fire]
 63690 | Zot:5    | Killed an orb of fire
 63691 | Zot:5    | Reached XP level 26. HP: 266/266 MP: 22/22
 63695 | Zot:5    | Killed a dread lich
 63700 | Zot:5    | Noticed an ancient lich
 63708 | Zot:5    | Killed an ancient lich
 64653 | Zot:5    | Got the Orb of Zot
 64972 | D:14     | Noticed Ameja the pandemonium lord
 65293 | D:$      | Escaped with the Orb!

Illustrated notes

Levels and vault maps discovered:
D:1:      elethiomel_arrival_maze, layout_basic, minmay_split_cup_small
D:2:      layout_loops_cross
D:3:      layout_basic, nicolae_ecumenical_oubliette
D:4:      layout_loops_cross, lemuel_doored_altar, minmay_temple_entry_crystal_x
D:5:      cheibrodos_two_vegetables, layout_gridville,
          nemelex_diamond_rough_becter,
          nicolae_uskayaw_murder_on_the_dancefloor, tgw_kikubaaqudgha,
          uniq_eustachio, uniq_grinder
D:6:      layout_loops_ring, enter_ossuary_5
D:7:      layout_cave_pods, corexii_checkpoint_a
D:8:      layout_rooms, david_lair_generic, uniq_grum
D:9:      layout_layer_cave, mainiacjoe_overflow_tiny_flanked,
          nicolae_overflow_hidden_temple, kennysheep_nondescript,
          chequers_garden, chequers_serial_rivers_room_b, nicolae_hexahallways,
          nicolae_shop_firing_range
D:10:     layout_long_grid, chequers_serial_rivers_micro_c, uniq_lodul,
          uniq_nergalle
D:11:     layout_long_grid, david_orc_4, portal_ice_cave_entry_pillars_2
D:12:     layout_irregular_city
D:13:     layout_rooms, palyth_stone_intersect, uniq_josephine, uniq_erolcha
D:14:     layout_big_octagon, hangedman_vaults_entry_quadrant_bands,
          ebering_ghost_disaster_area, nrook_campfire, nicolae_nh_vlads_tower
D:15:     hangedman_depths_entry_civil_slaughter, layout_grid_maze,
          grunt_decor_one_mirror, gauntlet_entry_generic
Lair:1:   layout_long_grid, grunt_megastairs_3, uniq_jeremiah, uniq_gastronok
Lair:2:   layout_chaotic_city, minmay_snake_entry_guardpost_small,
          guppyfry_lair_drakes, uniq_fannar
Lair:3:   layout_cellular_growth, minmay_shoals_entry_centaurs,
          infiniplex_staircase_pool
Lair:4:   layout_regular_city, nicolae_volcano_entry_batcave,
          ebering_ghost_disaster_area, grunt_megastairs_1, lemuel_fruit_tree
Lair:5:   due_jungle_book, layout_big_grid, slime_entry_2,
          chequers_serial_rivers_large_a
Shoals:1: layout_shoals, nicolae_alphabet_shops, nicolae_shoals_so_close,
          uniq_jorgrun
Shoals:2: layout_shoals, ebering_ghost_davey_jones, nicolae_shoals_kraken_party,
          uniq_frances, uniq_louise
Shoals:3: layout_shoals
Shoals:4: shoals_end_simple, layout_shoals, shoal_ilsuiw,
          nicolae_shoals_kraken_intersection, uniq_nikola
Snake:1:  nicolae_snake_unarmed_stairs_patrol, layout_misc_corridors
Snake:2:  layout_misc_corridors
Snake:3:  layout_grid_maze
Snake:4:  snake_pit, layout_onion_interference, grunt_megastairs_4
Orc:1:    layout_caves, ebering_ghost_gozag
Orc:2:    grunt_orc_community_town_hall, layout_diamond_mine,
          grunt_orc_community_big_house_2, grunt_orc_community_big_house_1,
          grunt_orc_community_house_2, grunt_orc_community_house_2,
          grunt_orc_community_house_1, grunt_orc_community_house_2,
          grunt_orc_community_house_2, nicolae_orc_crystal_geode, uniq_azrael,
          uniq_urug
Elf:1:    nicolae_elf_arrival_aired_out, layout_loops_cross, serial_shops,
          nicolae_shop_crystal, minmay_elf_annihilation,
          hangedman_elven_pyramids, uniq_asterion, uniq_roxanne
Elf:2:    nicolae_elf_blades_crystal_corner, layout_onion_city, uniq_norris,
          uniq_donald
Elf:3:    minmay_elf_hall_not_hex, layout_geoelf_diagonals, serial_shops,
          bzr_entry_islet
Vaults:1: nicolae_vaults_network_barrier, v_pattern_3, nicolae_vaults_wrenched,
          nicolae_vaults_border_crossing, v_misc_28, hangedman_vaults_stream,
          vaults_dpeg_emergency_exit, vaults_room_pool,
          layout_vaults_chaotic_city, serial_shops, bzr_entry_gold
Vaults:2: nicolae_vaults_tangram_2, grunt_vaults_funneled_arena,
          minmay_crypt_entry_skeletal_spiral, ontoclasm_vaults_twist,
          vaults_room_pools, grunt_vaults_diagonal, v_misc_8,
          nicolae_vaults_tetromino_Z_2, grunt_vaults_hallway_long,
          nicolae_vaults_asterisk, layout_vaults_omnibox
Vaults:3: ontoclasm_vaults_ring_square, v_misc_18,
          nicolae_vaults_branching_niches, v_misc_1,
          nicolae_vaults_storage_room_glass, nicolae_vaults_puzzle_piece,
          vaults_room_corners, v_misc_16, hangedman_vaults_locks,
          layout_vaults_omnicross
Vaults:4: hangedman_vaults_restitches, v_misc_3,
          nicolae_vaults_offset_grid_hallway_3,
          nicolae_vaults_heart-shaped_vault, nicolae_vaults_hallways_thing,
          nicolae_vaults_little_squares_1, nicolae_vaults_house_1,
          layout_vaults_omnigrid, trove_entry_hex_spiral
Vaults:5: serial_shops, uniq_xtahua
Crypt:1:  layout_rooms, grunt_crypt_arrival_webbed, uniq_zenata, uniq_boris
Crypt:2:  layout_gridlike, grunt_megastairs_2
Crypt:3:  church_of_pain_bobbens, layout_chaotic_city,
          nicolae_tomb_entry_grand_gallery, skrybe_necro_troll_2, uniq_khufu
Depths:1: regret_index_dithmenos_brocken_genspenst, layout_long_grid,
          hell_entry, roderic_lattice_octagonal_star, kennysheep_small_circle
Depths:2: lemuel_firewalk_3, layout_basic, enter_ziggurat_e,
          nicolae_hell_entry_big_baal_hell, pan_entry,
          minmay_staircase_windowed_small
Depths:3: evilmike_silver_temple, layout_gridlike, basic_altar,
          hangedman_abyss_entry_splay, hell_entry, infiniplex_staircase_trident
Depths:4: grunt_zot_entry_gee_three, layout_gridlike, okawaru_ov_weapons_minmay,
          hell_entry
Zot:1:    layout_twisted_circle, uniq_vv
Zot:2:    grunt_zot_stairs_mandelzot, layout_misc_corridors
Zot:3:    layout_twisted_circle
Zot:4:    cheibrodos_zot_enchanting_chambers, layout_cellular_growth
Zot:5:    layout_misc_corridors

Skill      XL: |  1  2  3  4  5  6  7  8  9 10 11 12 13 14 15 16 17 18 19 20 21 22 23 24 25 26 |
---------------+-------------------------------------------------------------------------------+-----
Axes           | 4 5 6 7 9 10 11 12 13 14 16 17 18 19 20 22 23 24 25 26 27 | 27.0
Fighting       | 4 6 7 8 9 10 12 13 15 17 19 21 22 23 24 25 26 27 | 27.0
Armour         | 3 4 5 6 7 9 10 11 13 14 15 16 18 19 20 22 24 25 26 | 26.8
Dodging        | 3 4 5 6 8 9 10 12 13 14 15 16 18 20 22 23 24 25 26 | 26.4
Throwing       | 1 3 4 |  4.0
Evocations     | 1 3 4 6 8 9 10 11 13 | 13.0
Shields        | 4 8 9 11 12 14 15 16 20 21 | 21.9

Action                     |  1- 3 |  4- 6 |  7- 9 | 10-12 | 13-15 | 16-18 | 19-21 | 22-24 | 25-27 || total
---------------------------+-------+-------+-------+-------+-------+-------+-------+-------+-------++-------
  Melee: Hand axe          |   110 |    41 |   230 |       |       |       |       |       |       ||   381
         Headbutt          |    16 |     4 |    63 |   176 |   408 |   603 |   781 |   745 |   362 ||  3158
         Punch             |     2 |       |     3 |       |       |       |       |       |       ||     5
         War axe           |       |       |   110 |   704 |   138 |       |    29 |    12 |    27 ||  1020
         Broad axe         |       |       |       |       |  1192 |  1943 |  2254 |  2068 |   881 ||  8338
         Demon trident     |       |       |       |       |    71 |       |       |       |       ||    71
         Trident           |       |       |       |       |    12 |       |       |       |       ||    12
  Throw: Boomerang         |       |       |     1 |       |     4 |     3 |     2 |     4 |     2 ||    16
 Invoke: Berserk           |       |     2 |     4 |     4 |    17 |     2 |     4 |       |     5 ||    38
         Brothers in Arms  |       |       |       |     1 |     4 |     1 |       |     1 |     4 ||    11
         Trog's Hand       |       |       |       |     1 |     1 |     3 |     2 |     3 |     1 ||    11
  Evoke: Wand              |       |       |    11 |       |       |       |     3 |       |     5 ||    19
    Use: Scroll            |       |    10 |     6 |     9 |     8 |     9 |     9 |     7 |     9 ||    67
         Potion            |       |       |       |       |     4 |     1 |       |     6 |    19 ||    30
   Stab: Sleeping          |     1 |       |       |       |       |       |       |     2 |       ||     3
         Petrified         |       |       |       |       |    14 |       |       |       |       ||    14
         Distracted        |       |       |       |       |     1 |       |       |     4 |     1 ||     6
         Petrifying        |       |       |       |       |     1 |       |       |       |       ||     1
 Armour: Animal skin       |    29 |       |       |       |       |       |       |       |       ||    29
         Ring mail         |    20 |       |       |       |       |       |       |       |       ||    20
         Scale mail        |     7 |    33 |   193 |   311 |   169 |   150 |   646 |   566 |   300 ||  2375
         Leather armour    |     2 |       |       |       |       |       |       |       |       ||     2
         Chain mail        |       |       |       |       |    27 |       |       |       |       ||    27
         Plate armour      |       |       |       |       |   625 |   542 |       |       |       ||  1167
  Dodge: Dodged            |    48 |    20 |   135 |   232 |   436 |   568 |  1221 |  1089 |   592 ||  4341
  Block: Other             |     4 |    11 |    64 |     2 |       |       |       |       |       ||    81
         Kite shield       |       |       |       |   267 |    71 |   875 |  1257 |  1030 |   556 ||  4056
         Reflection        |       |       |       |    17 |    23 |       |       |       |       ||    40
         Buckler           |       |       |       |   139 |   675 |       |       |       |       ||   814

Table legend: (Time is in decaauts)
 A = Elapsed time spent in this place.
 B = Non-inter-level travel time spent in this place.
 C = Inter-level travel time spent in this place.
 D = Time resting spent in this place.
 E = Time spent auto-exploring this place.
 F = Levels seen in this place.
 G = Mean time per level.
                   A        B        C        D        E       F      G
               +--------+--------+--------+--------+--------+-----+--------+
         Total |  61657 |  55329 |   6328 |   6101 |  22998 |  57 | 1081.7 |
       Dungeon |  16306 |  14070 |   2236 |   1165 |   8663 |  15 | 1087.1 |
          Lair |   7086 |   6594 |    492 |   1278 |   2427 |   5 | 1417.2 |
        Shoals |   3866 |   3749 |    117 |    145 |   1484 |   4 |  966.5 |
     Snake Pit |   3416 |   3250 |    166 |    324 |   1831 |   4 |  854.0 |
  Orcish Mines |   2447 |   2144 |    303 |    151 |    340 |   2 | 1223.5 |
   Elven Halls |   2912 |   2778 |    134 |    160 |   1229 |   3 |  970.7 |
        Vaults |   8991 |   7476 |   1515 |    126 |   3296 |   5 | 1798.2 |
         Crypt |   2138 |   2048 |     90 |    239 |    753 |   3 |  712.7 |
        Depths |   5693 |   4659 |   1034 |    281 |   1143 |   4 | 1423.2 |
           Zot |   5550 |   5313 |    237 |    920 |   1786 |   5 | 1110.0 |
        Bazaar |    236 |    236 |      0 |      0 |     44 |   2 |  118.0 |
         Trove |     49 |     49 |      0 |      0 |      0 |   1 |   49.0 |
       Ossuary |    240 |    240 |      0 |      0 |      0 |   1 |  240.0 |
      Ice Cave |   1088 |   1088 |      0 |    552 |      0 |   1 | 1088.0 |
       Volcano |   1079 |   1079 |      0 |    723 |      0 |   1 | 1079.0 |
      Gauntlet |    553 |    553 |      0 |     33 |      0 |   1 |  553.0 |
               +--------+--------+--------+--------+--------+-----+--------+

Top non-repeatable levels by time:
  Lair:5: 2147 daAuts
Vaults:3: 1972 daAuts
Vaults:4: 1936 daAuts
     D:5: 1791 daAuts
Depths:4: 1743 daAuts
Vaults:2: 1711 daAuts
Vaults:1: 1702 daAuts
  Lair:4: 1682 daAuts
     D:9: 1674 daAuts
Depths:3: 1673 daAuts
Vaults:5: 1668 daAuts
   Orc:2: 1553 daAuts
    D:15: 1454 daAuts
Depths:1: 1334 daAuts
    D:11: 1309 daAuts
